 Dungeon Crawl Stone Soup version 0.21.1-1-g345015fe64 (webtiles) character file.

1012 Htamos the Magician (level 7, -4/50 HPs)
             Began as a Demigod Wizard on July 11, 2018.
             Slain by a wight
             ... wielding a +0 morningstar
              (11 damage)
             ... on level 5 of the Dungeon.
             The game lasted 00:12:05 (6839 turns).

Htamos the Magician (Demigod Wizard)                Turns: 6839, Time: 00:12:05

Health: -4/50      AC:  2    Str: 10    XL:     7   Next: 69%
Magic:  20/20      EV: 12    Int: 26    God:
Gold:   287        SH:  0    Dex: 14    Spells: 17/18 levels left

rFire    . . .     SeeInvis .   (no weapon)
rCold    . . .     Gourm    .   (no shield)
rNeg     . . .     Faith    .   a - +0 robe
rPois    .         Spirit   .   b - +0 hat
rElec    .         Reflect  .   (no cloak)
rCorr    .         Harm     .   (no gloves)
MR       .....                  (no boots)
Stlth    ++........             (no amulet)
HPRegen  0.16/turn              (no ring)
MPRegen  0.17/turn              (no ring)

@: drained
A: high mp 1
a: no special abilities


You were on level 5 of the Dungeon.
You were not hungry.

You visited 1 branch of the dungeon, and saw 6 of its levels.

You collected 287 gold pieces.

Inventory:

Hand Weapons
 E - a +7 short sword of freezing
Armour
 a - a +0 robe (worn)
 b - a +0 hat (worn)
 h - a +1 pair of gloves
 j - a +0 leather armour
 m - a +0 shield
Jewellery
 y - an uncursed ring of fire {unknown}
 A - a cursed ring of loudness {unknown}
Scrolls
 d - a scroll of enchant weapon {unknown}
 e - 4 scrolls of magic mapping {unknown}
 g - 5 scrolls of identify {unknown}
 k - a scroll of immolation {unknown}
 s - 2 scrolls of teleportation {unknown}
 v - a scroll of noise {unknown}
 w - 2 scrolls of enchant armour {unknown}
 x - 7 scrolls of remove curse {unknown}
 C - a scroll of fear {unknown}
Potions
 f - a potion of might {unknown}
 i - a potion of haste {unknown}
 l - 5 potions of curing {unknown}
 n - 2 potions of mutation {unknown}
 o - 2 potions of berserk rage {unknown}
 p - 3 potions of degeneration {unknown}
 t - a potion of magic {unknown}
 u - a potion of flight {unknown}
 z - a potion of agility {unknown}
 B - a potion of heal wounds {unknown}
Books
 c - a book of Minor Magic

   Spells                             Type                      Level
   a - Magic Dart                     Conjuration                  1
   b - Blink                          Translocation                2
   c - Call Imp                       Summoning                    2
   d - Slow                           Hexes                        2
   e - Conjure Flame                  Conjuration/Fire             3
   f - Mephitic Cloud                 Conjuration/Poison/Air       3
 r - a book of Changes

   Spells                             Type                      Level
   a - Beastly Appendage              Transmutation                1
   b - Sticks to Snakes               Transmutation                2
   c - Spider Form                    Transmutation/Poison         3
   d - Ice Form                       Ice/Transmutation            4
   e - Blade Hands                    Transmutation                5
Comestibles
 q - 10 rations
 D - 6 chunks of flesh


   Skills:
 - Level 1.7(1.2) Dodging
 - Level 1.7(1.2) Stealth
 + Level 6.4(5.8) Spellcasting
 + Level 5.5(5.0) Conjurations
   Level 0.8(0.3) Summonings
   Level 0.8(0.3) Translocations


You had 17 spell levels left.
You knew the following spells:

 Your Spells              Type           Power        Failure   Level  Hunger
a - Magic Dart            Conj           ####         1%          1    None


Dungeon Overview and Level Annotations

Branches:
Dungeon (6/15)             Temple (0/1) D:6


Innate Abilities, Weirdness & Mutations

You have an increased reservoir of magic. (+10% MP)


Message History

You can't see any susceptible monsters within range! (Use Z to cast anyway.)
The wight hits you with a morningstar!
You feel drained.
Things that are here:
a short sword of freezing; a robe
E - a short sword of freezing The wight hits you with a morningstar.
* * * LOW HITPOINT WARNING * * *
Items here: )) [[ a war axe; a robe; an enchanted scimitar; a robe
There is an open door here.
There is an open door here.
Things that are here:
a scimitar; a robe
There is a stone staircase leading up here.
The wight hits you with a morningstar!
* * * LOW HITPOINT WARNING * * *
You climb upwards.
There is a stone staircase leading down here.
The wight hits you with a morningstar!
You die...

#.################
#.................
#.################
#.# #.# ######### #.#
#........
#.########....[...
#.................
#@########........
#>z...............
##...........<....
#####.....###........
#....................
#......######........
#......##############
#............#
#............#


You could see a wight.

Vanquished Creatures
  A black bear (D:4)
  3 ogres
  A scorpion (D:5)
  4 wights (D:6)
  A howler monkey (D:4)
  2 crimson imps
  A jelly (D:5)
  A bullfrog zombie (D:5)
  A bullfrog skeleton (D:4)
  2 orc wizards
  A worker ant (D:4)
  7 adders
  A shadow imp (D:5)
  2 oozes
  An adder skeleton (D:4)
  4 worms
  A dart slug (D:2)
  A leopard gecko (D:1)
  10 orcs
  2 ball pythons
  3 giant cockroaches
  6 goblins
  7 hobgoblins
  7 jackals
  2 quokkas
  9 bats
  4 frilled lizards
  A giant cockroach zombie (D:4)
  3 kobolds
  4 rats
93 creatures vanquished.

Notes
Turn   | Place    | Note
-------+----------+-------------------------------------------
     0 | D:1      | Htamos the Demigod Wizard began the quest for the Orb.
     0 | D:1      | Reached XP level 1. HP: 14/14 MP: 6/6
   298 | D:1      | Reached skill level 1 in Conjurations
   464 | D:1      | Reached skill level 3 in Spellcasting
   725 | D:1      | Reached XP level 2. HP: 20/20 MP: 6/8
  2402 | D:2      | Reached XP level 3. HP: 26/26 MP: 8/10
  2635 | D:2      | Found a bloodstained altar of Trog.
  3205 | D:3      | Reached skill level 4 in Spellcasting
  3205 | D:3      | Reached XP level 4. HP: 27/33 MP: 4/13
  3945 | D:4      | Reached XP level 5. HP: 38/38 MP: 7/14
  4095 | D:4      | Noticed an ogre
  4322 | D:4      | Noticed an ogre
  4330 | D:4      | Killed an ogre
  4406 | D:4      | Noticed a black bear
  4415 | D:4      | Killed a black bear
  4415 | D:4      | Reached skill level 5 in Spellcasting
  4415 | D:4      | Reached XP level 6. HP: 37/45 MP: 7/16
  5267 | D:5      | Entered Level 5 of the Dungeon
  5537 | D:5      | Reached XP level 7. HP: 42/50 MP: 11/19
  6280 | D:5      | Found a burning altar of Makhleb.
  6396 | D:6      | Reached skill level 6 in Spellcasting
  6396 | D:6      | Reached skill level 5 in Conjurations
  6767 | D:6      | Found a staircase to the Ecumenical Temple.
  6839 | D:5      | Slain by a wight

Skill      XL: |  1  2  3  4  5  6  7 |
---------------+----------------------+-----
Conjurations   | 1 2 3 4 5 |  5.5
Spellcasting   | 3 4 5 6 |  6.4
Dodging        | |  1.7
Stealth        | |  1.7
Summonings     | |  0.8
Translocations | |  0.8

Action                   |  1- 3 |  4- 6 |  7- 9 || total
-------------------------+-------+-------+-------++-------
Melee: Unarmed           |     9 |       |       ||     9
 Cast: Magic Dart        |   147 |   150 |    81 ||   378
  Eat: Chunk             |     3 |     7 |     1 ||    11
       Ration            |     1 |       |     1 ||     2
Armor: Robe              |    11 |     1 |       ||    12
Dodge: Dodged            |    45 |    21 |    15 ||    81
